 Dungeon Crawl Stone Soup version 0.13.0-19-g8e0b589 (webtiles) character file.

591 MirrMurr the Magician (level 6, -1/42 HPs)
             Began as a Draconian Wizard on Oct 24, 2013.
             Slain by an orc wizard
             ... wielding a -1,+0 orcish dagger
              (3 damage)
             ... on Level 4 of the Dungeon.
             The game lasted 00:22:46 (4532 turns).

MirrMurr the Magician (Draconian Wizard)            Turns: 4532, Time: 00:22:47

HP  -1/42        AC 10     Str 11      XL: 6   Next: 44%
MP   3/17        EV 12     Int 18      God:
Gold 216         SH  0     Dex 10      Spells:  5 memorised,  3 levels left

Res.Fire  : . . .   See Invis. : .   a - +0,+2 whip (reach)
Res.Cold  : . . .   Warding    : .   (armour unavailable)
Life Prot.: . . .   Conserve   : .   (no shield)
Res.Poison: .       Res.Corr.  : .   H - +0 wizard hat
Res.Elec. : .       Clarity    : .   y - +1 cloak
Sust.Abil.: . .     Spirit.Shd : .   F - +0 pair of gauntlets (curse)
Res.Mut.  : .       Stasis     : .   B - +0 pair of boots
Res.Rott. : .       Flight     : .   (no amulet)
Saprovore : . . .                    (no ring)
                                     (no ring)

@: invisible, very slightly contaminated, slowed, very slow, slightly resistant
to hostile enchantments, unstealthy
A: unfitting armour, AC +6
a: no special abilities


You were on level 4 of the Dungeon.
You were not hungry.

You visited 1 branch of the dungeon, and saw 4 of its levels.

You collected 196 gold pieces.

Inventory:

Hand weapons
 a - a +0,+2 whip of reaching (weapon)
 b - a +0 blowgun
 e - a +0,+0 short sword
 t - a +2,+2 quarterstaff of chaos
Missiles
 f - 22 stones
 g - 58 darts (quivered)
 n - 4 needles of confusion
 s - 25 poisoned needles
Armour
 y - a +1 cloak (worn)
 B - a +0 pair of boots (worn)
 F - a cursed +0 pair of gauntlets (worn)
 H - a +0 wizard hat (worn)
Comestibles
 d - 3 bread rations
 l - 11 strawberries
 q - a choko
 C - a pear
 E - 8 grapes
Scrolls
 h - 6 scrolls of random uselessness {unknown}
 o - 2 scrolls of identify {unknown}
 u - a scroll of blinking {unknown}
 v - a scroll of remove curse {unknown}
 A - a scroll of noise {unknown}
 D - a scroll of fog {unknown}
 G - a scroll of curse weapon {unknown}
Jewellery
 i - an uncursed amulet of the gourmand {unknown}
Potions
 k - 2 potions of curing
 m - a potion of heal wounds {unknown}
 p - 2 potions of might {unknown}
 w - a potion of degeneration {unknown}
 x - 2 potions of brilliance {unknown}
 z - a potion of berserk rage {unknown}
Books
 c - a book of Minor Magic

   Spells                             Type                      Level
   *Magic Dart                        Conjuration                  1
   *Blink                             Translocation                2
   Call Imp                           Summoning                    2
   *Repel Missiles                    Charms/Air                   2
   Slow                               Hexes                        2
   *Conjure Flame                     Conjuration/Fire             3
   *Mephitic Cloud                    Conjuration/Poison/Air       3


   Skills:
 - Level 2.6 Dodging
 - Level 1.7 Stealth
 - Level 1.2 Unarmed Combat
 + Level 4.9 Spellcasting
 + Level 4.3 Conjurations
   Level 1.0 Summonings
 - Level 1.0 Translocations


You had 3 spell levels left.
You knew the following spells:

 Your Spells              Type           Power        Failure   Level  Hunger
a - Magic Dart            Conj           ###.         1%          1    None
c - Conjure Flame         Conj/Fire      ##......     21%         3    ###....
m - Mephitic Cloud        Conj/Pois/Air  #.......     24%         3    ###....
r - Repel Missiles        Chrm/Air       #.........   21%         2    #......
B - Blink                 Tloc           N/A          14%         2    #......


Dungeon Overview and Level Annotations

Branches:
Dungeon (4/27)
 Temple: D:4-7

Altars:
Fedhas
Makhleb
Zin
the Shining One


Message History

You barely miss the orc wizard.
The orc wizard hits you but does no damage.
The giant cockroach closely misses you. The orc wizard closely misses you.
The giant cockroach bites you but does no damage.
The orc wizard hits you with an orcish dagger.
* * * LOW HITPOINT WARNING * * *
You closely miss the orc wizard. The orc wizard closely misses you.
The giant cockroach barely misses you.
The orc wizard gestures at you while chanting.
The magic dart hits you!
* * * LOW HITPOINT WARNING * * *
The giant cockroach barely misses you.
You closely miss the orc wizard.
The orc wizard hits you with an orcish dagger.
* * * LOW HITPOINT WARNING * * *
The orc priest prays to Beogh.
You feel a wave of unholy energy pass over you.
The giant cockroach closely misses you.
The orc wizard hits you with an orcish dagger.
You die...

#.# #.# #.# #§#
###.##########.###
#................#
######.#########....#
..................o.#
######.###########.##
...###.###########.#####.##
............ooos@o.........
...###.###########.#####.##
...# #......# #.# #.# ...#
#......# #.# #.#
##.####.....## ###.### #.#
.##..........# #.....# #.#
..#######.##.###o....# #.#
...#.......§.o.......###.#####
...######o##.###.....##..<...#


You could see an orc priest, an orc wizard, 2 orcs and a giant cockroach.

Vanquished Creatures
  Crazy Yiuf (D:2)
  A hound (D:4)
  2 worker ants (D:4)
  An orc priest (D:3)
  3 orc wizards (D:3)
  Ijyb (D:3)
  Jessica (D:2)
  3 adders (D:2)
  A worm (D:3)
  A giant gecko (D:3)
  An ooze (D:3)
  17 orcs
  2 ball pythons (D:3)
  6 bats
  A bat skeleton (D:4)
  6 giant cockroaches
  5 goblins
  4 hobgoblins
  4 jackals
  12 kobolds
  2 quokkas
  3 giant newts
  10 rats
88 creatures vanquished.

Notes
Turn   | Place    | Note
--------------------------------------------------------------
     0 | D:1      | MirrMurr, the Draconian Wizard, began the quest for the Orb.
     0 | D:1      | Reached XP level 1. HP: 12/12 MP: 5/5
   288 | D:1      | Reached XP level 2. HP: 18/18 MP: 4/7
   294 | D:1      | Learned a level 2 spell: Blink
   821 | D:2      | Found a burning altar of Makhleb.
   904 | D:2      | Reached XP level 3. HP: 22/24 MP: 1/9
   931 | D:2      | Learned a level 3 spell: Conjure Flame
   940 | D:2      | Found a glowing silver altar of Zin.
   997 | D:2      | Reached skill level 1 in Unarmed Combat
  1329 | D:2      | Noticed Jessica
  1337 | D:2      | Killed Jessica
  1337 | D:2      | Reached XP level 4. HP: 27/30 MP: 1/11
  1352 | D:2      | Learned a level 3 spell: Mephitic Cloud
  1568 | D:2      | Noticed Crazy Yiuf
  1598 | D:2      | Killed Crazy Yiuf
  1926 | D:3      | Noticed Ijyb
  2686 | D:3      | Reached skill level 4 in Spellcasting
  2686 | D:3      | Reached XP level 5. HP: 33/36 MP: 0/14
  2933 | D:3      | Learned a level 2 spell: Repel Missiles
  3176 | D:3      | Found a glowing golden altar of the Shining One.
  3204 | D:3      | Killed Ijyb
  3224 | D:3      | HP: 1/36 [orc/mace (1)]
  3244 | D:3      | HP: 1/36 [orc/mace (4)]
  3749 | D:3      | Reached XP level 6. HP: 42/42 MP: 1/16
  4460 | D:4      | Found a blossoming altar of Fedhas.
  4532 | D:4      | HP: 2/42 [orc wizard/orcish dagger (2)]
  4532 | D:4      | Slain by an orc wizard

Action                   |  1- 3 |  4- 6 || total
-------------------------+-------+-------++-------
Melee: Whip              |    11 |    69 ||    80
       Short sword       |     2 |       ||     2
 Cast: Magic Dart        |    82 |   184 ||   266
       Mephitic Cloud    |       |    13 ||    13
       Conjure Flame     |       |     5 ||     5
       Blink             |       |     3 ||     3
  Use: Potion            |       |     4 ||     4
 Stab: Confused          |       |     2 ||     2
       Invisible         |       |     6 ||     6
